[Event "Grand Prix Romania 1st Stage 2024"]
[Site "Bucuresti"]
[Date "2024.03.23"]
[Round "4.1"]
[White "Istratescu, Andrei"]
[Black "Motylev, Alexander"]
[Result "1/2-1/2"]
[ECO "E49"]
[WhiteElo "2374"]
[BlackElo "2611"]
[Annotator "TA"]
[PlyCount "46"]
[EventDate "2024.03.20"]
[EventType "swiss"]
[EventCountry "ROU"]
[SourceTitle "playchess.com"]
[Source "ChessBase"]
[SourceQuality "1"]
[TimeControl "900+5"]

1. d4 d5 2. c4 e6 3. Nc3 Bb4 4. e3 Nf6 5. a3 Bxc3+ 6. bxc3 O-O 7. cxd5 exd5 8. Bd3 c5 9. Ne2 b6 10. O-O Re8 11. f3 Ba6 12. Ng3 Bxd3 13. Qxd3 Nc6 14. Bb2 h5 15. Rae1 h4 16. Nf5 h3 17. g4 ({Much weaker is} 17. gxh3 Ne7 $11) 17... Qd7 (17... g6 $11 {keeps the balance.} 18. Ng3 cxd4 19. cxd4 Qd7) 18. e4 $16 {[%emt 0:01:13] aiming for e5.} g6 19. Qd2 {[%emt 0:01:20] Qh6 would now be deadly.} cxd4 {[%emt 0:03:42] [#]} (19... dxe4 $16 20. Qh6 gxf5 21. Qg5+ Kh7) 20. Qh6 $1 $18 gxf5 21. Qg5+ $2 ({White must play} 21. gxf5 $18 {Strongly threatening Kh1.} Nh7 22. f6 Nxf6 23. Kh1) 21... Kh7 $1 $11 {[%emt 0:00:51] The position is equal.} 22. Qh4+ {[%emt 0:00:02][%mdl 1024] White has compensation.} Kg8 {[%emt 0:00:05] And now ...Nh7 would win.} 23. Qg5+ Kh7 $1 {[%emt 0:00:21] Weighted Error Value: White=0.22 (precise) /Black=0.22 (precise) .  Missed win:     	White=1     	---        Mistake:       	---       	Black=2      Inaccurate:     	White=1     	---        OK:         	White=3     	Black=2      Best:        	White=1     	Black=1      Strong:       	---       	Black=2} 1/2-1/2

[Event "Grand Prix Romania 1st Stage 2024"]
[Site "Bucuresti"]
[Date "2024.03.23"]
[Round "4.2"]
[White "Ponomariov, Ruslan"]
[Black "Stoyanov, Tsvetan"]
[Result "1-0"]
[ECO "D20"]
[WhiteElo "2646"]
[BlackElo "2465"]
[Annotator "TA"]
[PlyCount "62"]
[EventDate "2024.03.20"]
[EventType "swiss"]
[EventCountry "ROU"]
[SourceTitle "playchess.com"]
[Source "ChessBase"]
[SourceQuality "1"]
[TimeControl "900+5"]

1. d4 d5 2. c4 dxc4 3. e3 Nf6 4. Bxc4 e6 5. Nc3 a6 6. Qf3 Bd6 7. Nge2 Nc6 8. g4 {[%emt 0:01:19][%cal Bg2g4,Bg4g5][%mdl 32] White is slightly better.} h6 9. h4 Nb4 {[%emt 0:03:49] Strongly threatening ...Nc2+.} 10. Kf1 Bd7 11. g5 Nfd5 12. e4 $16 Nb6 13. Bb3 c5 14. gxh6 gxh6 15. dxc5 Bxc5 16. Be3 $40 {[%emt 0:00:03][%mdl 128] White wants a kill.} Bxe3 17. Qxe3 Nc6 {[%emt 0:00:01] Wards off Qd4} 18. Rd1 Na5 19. e5 {[%emt 0:03:42] White has more active pieces. The black rooks are passive.} (19. Qf4 $142 $1 {[%cal Rf4e5] Qe5 is the strong threat.} Rg8 20. Qxh6) 19... Nxb3 (19... Qc7 $142) 20. axb3 (20. Ne4 $1 $16 Qc7 (20... Nc4 $2 21. Qxb3 Nxe5 22. Qc3 $18) 21. Nf6+ (21. axb3 O-O-O $11) 21... Kd8 22. axb3 (22. Qxb3 Nd5 $16)) 20... Qc7 {[%emt 0:00:03] Black is weak on the dark squares} 21. Ne4 Nd5 {[%emt 0:00:11] [#]} (21... O-O-O $142) 22. Rxd5 $1 exd5 23. Nd6+ Kf8 {[%emt 0:00:01] [#]} (23... Ke7 $16 {was necessary.}) 24. Nd4 $1 $18 {[%emt 0:00:29][%mdl 1024] White has strong compensation.} Bb5+ 25. Kg2 (25. N6xb5 axb5 26. Ke2 Re8 $15) 25... Qe7 $2 (25... Rd8 26. Rc1 (26. N6xb5 axb5 27. Kh2 Rh7 $11) 26... Bc6) 26. Qf4 Bd7 27. Kf3 (27. Nxb7 $2 Rg8+ 28. Kf3 Bg4+ 29. Ke3 Qxb7 $19) 27... Be6 (27... h5 $142 28. N4f5 (28. Nxb7 $2 Bg4+ 29. Ke3 Qxb7 $19) 28... Bxf5 29. Nxf5 Qd7) 28. Rc1 {[%emt 0:00:11] Black must now prevent N6f5.} Rd8 {[%emt 0:00:05] [#]} 29. Rc7 $3 {[%emt 0:00:10][%mdl 512] Wards off Qd7} Bd7 30. Rxb7 {[%emt 0:00:11][%cal Oe5e6] Hoping for e6!} h5 31. Nc6 {[%emt 0:00:18] A dynamic duo of knights.} (31. e6 $142 Rh7 32. N6f5 (32. Rxd7 Rxd7 33. N6f5 Qxe6 $18) (32. exd7 f6 $18) 32... Bxe6 33. Rxe7 (33. Nxe7 Bg4+ 34. Ke3 Re8 35. Kd2 Rxe7 36. Qd6 Bd7 37. Rxd7 f6) 33... Bxf5 34. Nxf5 Kg8 35. Nh6+ Kh8 36. Qf6+ (36. Rxf7 Rxf7 37. Nxf7+ Kg7 38. Nxd8 Kh7 39. Qf7+ Kh6 40. Ne6 a5 41. Qg7#) 36... Rg7 37. Nxf7+ (37. Rxf7 Rdg8 38. Nxg8 Kxg8 39. Qxg7#) 37... Kh7 38. Qh6+ Kg8 39. Qh8#) 31... Bg4+ {[%emt 0:00:11] Weighted Error Value: White=0.45/Black=1.00.  Mistake:       	White=2     	Black=6      Inaccurate:     	White=3     	Black=5      OK:         	White=8     	Black=1      Best:        	White=1     	---        Strong:       	White=1     	---        Brilliant:      	White=1     	---} 1-0

[Event "Grand Prix Romania 1st Stage 2024"]
[Site "Bucuresti"]
[Date "2024.03.23"]
[Round "4.3"]
[White "Tilicheev, Viacheslav"]
[Black "Sarana, Alexey"]
[Result "0-1"]
[ECO "E01"]
[WhiteElo "2485"]
[BlackElo "2699"]
[Annotator "TA"]
[PlyCount "57"]
[EventDate "2024.03.20"]
[EventType "swiss"]
[EventCountry "ROU"]
[SourceTitle "playchess.com"]
[Source "ChessBase"]
[SourceQuality "1"]
[TimeControl "900+5"]

1. d4 Nf6 2. c4 e6 3. g3 d5 4. Nf3 Bb4+ 5. Nbd2 dxc4 6. a3 Bxd2+ 7. Bxd2 Bd7 8. Qc1 {[%emt 0:01:23] Die Stellung ist ausgeglichen.} Bb5 9. a4 Ba6 10. e3 Qd5 11. Bg2 Nc6 12. O-O {[%emt 0:02:10][%cal Of3e5] [#]} c3 $1 $36 {[%emt 0:00:32][%mdl 2048] Schwarz drückt.} 13. bxc3 Bxf1 14. Qxf1 Qd7 15. Rb1 Rb8 $1 16. c4 O-O 17. Bc3 Rfd8 18. Rb3 ({Vorzuziehen ist} 18. Ne1 $15) 18... b6 19. Qb1 Qe8 20. e4 {[%emt 0:04:56] Der Zug kostet die Partie für Weiß.} (20. Rb5 $15) 20... Na5 $19 21. e5 (21. Rb4 {ist eine bessere Verteidigung.}) 21... Nd7 (21... Qxa4 $2 {verliert.} 22. Bxa5 Nd7 23. Bd2 Qxc4 24. Bf1 $18) 22. Bxa5 bxa5 23. h4 (23. Rb7 {war einen Versuch wert.}) 23... Rxb3 24. Qxb3 Rb8 25. Qc2 Rb4 {[%emt 0:00:09] Weiss muss nun ...Nf8 beachten.} 26. Ng5 $2 {[%emt 0:00:09] [#]} (26. Ne1 {war nötig.} Nb6 27. Bf1) 26... Nf8 {[%emt 0:00:02] Schwarz steht klar auf Gewinn.} 27. Be4 h6 (27... Qxa4 $2 {zu gefräßig.} 28. Bxh7+ Nxh7 29. Qxh7+ Kf8 30. Qh8+ Ke7 31. Qxg7 $18) 28. Nf3 Qxa4 29. Qe2 {[%emt 0:00:01] Gewichteter Fehlerwert: Weiß=0.56/Schwarz=0.09 (makellos) .  Fehler:       	Weiß=5     	---        Ungenau:       	Weiß=4     	Schwarz=3     OK:         	Weiß=4     	Schwarz=11    Bester:       	Weiß=1     	Schwarz=2     Stark:        	---       	Schwarz=1} 0-1

[Event "Grand Prix Romania 1st Stage 2024"]
[Site "Bucuresti"]
[Date "2024.03.23"]
[Round "4.4"]
[White "Deac, Bogdan-Daniel"]
[Black "Nevednichy, Vladislav"]
[Result "1-0"]
[ECO "B07"]
[WhiteElo "2690"]
[BlackElo "2445"]
[Annotator "TA"]
[PlyCount "129"]
[EventDate "2024.03.20"]
[EventType "swiss"]
[EventCountry "ROU"]
[SourceTitle "playchess.com"]
[Source "ChessBase"]
[SourceQuality "1"]
[TimeControl "900+5"]

1. d4 d6 2. e4 Nf6 3. Bd3 e5 4. c3 Nc6 5. d5 Nb8 6. c4 a5 7. Nc3 g6 8. h3 {[%emt 0:00:15] White is slightly better.} Na6 9. Bg5 Be7 10. Bh6 Bf8 11. Be3 Bg7 12. Nge2 Nc5 13. Bc2 Bd7 14. Qd2 h5 15. b3 h4 16. a3 O-O 17. Bg5 Qb8 18. Bxh4 b5 19. cxb5 Bxb5 20. Rb1 {[%emt 0:00:08] aiming for Bxf6.} Bxe2 21. Qxe2 (21. Kxe2 Qc8 22. Bg5 Ncd7) 21... Nh5 22. O-O Nf4 23. Qc4 f5 (23... Qc8 $16 {keeps fighting.} 24. Kh2 Rb8) 24. Bg5 $18 Rf7 25. b4 axb4 26. axb4 Nd7 27. Ra1 Nb6 28. Qc6 Rxa1 29. Rxa1 Kh7 30. exf5 gxf5 31. Bxf4 exf4 {[%emt 0:00:00] Black is weak on the light squares} 32. Re1 {[%emt 0:00:07] Strongly threatening Re8.} Qa8 (32... Be5 $16 33. Nb1 Kg7) 33. Qxa8 Nxa8 34. Ne2 Be5 35. Kf1 (35. g4 $18 fxg3 36. f4 (36. fxg3 Kh6 $16) (36. Nxg3 Bxg3 37. fxg3 Nb6 $18)) 35... Nb6 $16 36. Bb3 Rf8 37. Rc1 Na8 38. Bc2 {[%emt 0:00:08] White is more active.} ({Better is} 38. Rc4 $16 Kh6 39. g3 (39. Nxf4 Nb6 $11)) 38... Kg6 39. Bd3 (39. Ba4 $16) 39... Rb8 (39... Nb6 $11) 40. b5 $1 $14 Kg5 (40... Nb6 $14) 41. Ng1 ({White should try} 41. g3 $1 $18 Kf6 42. Rc2 (42. Nxf4 Bxf4 43. gxf4 Nb6 $16) (42. gxf4 Bb2 $18) 42... fxg3 43. f4 (43. fxg3 Rc8 $11) (43. Nxg3 Nb6 $14)) 41... Rb7 42. Nf3+ Kf6 43. Nh4 (43. Nxe5 $18 dxe5 44. Rc6+ Kg5 45. f3) 43... Nb6 $16 44. Nxf5 (44. Bxf5 Kg5 45. Rb1 (45. g3 $2 fxg3 46. fxg3 Bxg3 $19) 45... Kxh4 $19) 44... Nxd5 {[%emt 0:00:04] [#]} 45. Nh6 $1 Ra7 (45... Bb2 $16 {was called for.} 46. Rb1 Bd4) 46. Ng4+ $18 Ke7 {[%emt 0:00:27] [#]} 47. Re1 $1 Ra1 $2 (47... Ra3 {might work better.}) 48. Nxe5 Rxe1+ 49. Kxe1 dxe5 {[%emt 0:00:00][%mdl 4096] Endgame. KB-KN} 50. Ke2 Nf6 51. Kf3 Kd6 52. g4 fxg3 53. fxg3 c6 54. bxc6 Kxc6 55. g4 Kd6 56. g5 Nd5 57. h4 {[%emt 0:00:06][%cal Bh3h4,Bh4h5,Bh5h6][%mdl 32] White mates.} Ke7 58. Be4 Nf4 59. Kg4 Ke6 60. h5 Kf7 61. h6 Kf8 62. Kf5 Nh3 63. g6 ({Stronger than} 63. Kxe5 Nxg5 64. h7 (64. Kf6 Nxe4+ 65. Kg6 Ng5 $11) 64... Kg7 $11) 63... Nf4 64. g7+ Kf7 65. Bc2 {[%emt 0:00:05] Weighted Error Value: White=0.15 (very precise) /Black=0.35.  Mistake:       	White=5     	Black=6      Inaccurate:     	White=1     	Black=5      OK:         	White=17    	Black=10     Best:        	White=2     	Black=3      Strong:       	White=2     	---} 1-0

[Event "Grand Prix Romania 1st Stage 2024"]
[Site "Bucuresti"]
[Date "2024.03.23"]
[Round "4.5"]
[White "Stepanencu, Nicodim-Cosmin"]
[Black "Safarli, Eltaj"]
[Result "0-1"]
[ECO "E48"]
[WhiteElo "2278"]
[BlackElo "2614"]
[Annotator "RC"]
[PlyCount "48"]
[EventDate "2024.03.20"]
[EventType "swiss"]
[EventCountry "ROU"]
[SourceTitle "playchess.com"]
[Source "ChessBase"]
[SourceQuality "1"]
[TimeControl "900+5"]

1. d4 Nf6 2. c4 e6 3. Nc3 Bb4 4. e3 O-O 5. Bd3 Re8 6. Nge2 d5 7. O-O Nbd7 8. a3 Bf8 9. e4 dxe4 10. Nxe4 b6 11. N2c3 Bb7 12. Qf3 Rb8 13. Rd1 Qc8 14. Bf4 Nxe4 15. Bxe4 Bxe4 16. Qxe4 Bd6 17. Bxd6 cxd6 18. Nb5 Nf6 19. Qf4 Rd8 20. Nxd6 Qc6 21. Nb5 Qxc4 22. Nxa7 Qa4 23. Qc7 Nd5 24. b3 Qa6 0-1

[Event "Grand Prix Romania 1st Stage 2024"]
[Site "Bucuresti"]
[Date "2024.03.23"]
[Round "4.6"]
[White "Sokolov, Ivan"]
[Black "Shuvalova, Polina"]
[Result "0-1"]
[ECO "D35"]
[WhiteElo "2590"]
[BlackElo "2455"]
[Annotator "TA"]
[PlyCount "72"]
[EventDate "2024.03.20"]
[EventType "swiss"]
[EventCountry "ROU"]
[SourceTitle "playchess.com"]
[Source "ChessBase"]
[SourceQuality "1"]
[TimeControl "900+5"]

1. d4 Nf6 2. c4 e6 3. Nc3 d5 4. cxd5 Nxd5 5. e4 Nxc3 6. bxc3 c5 7. Rb1 Be7 8. Nf3 O-O 9. Be2 b6 {[%emt 0:00:18] The position is equal.} 10. O-O Bb7 11. Qc2 Qc7 12. Be3 cxd4 13. Nxd4 Nd7 14. f3 Rfc8 15. Nb5 Qc6 16. Rfc1 Bc5 17. Nd4 Qc7 18. Qd2 Rd8 19. Kh1 Nf8 20. Qe1 e5 21. Qg3 Ng6 (21... Bxd4 $2 22. cxd4 Qd6 23. Qxe5 (23. dxe5 Qa3 $16) 23... Qxe5 24. dxe5 $16) 22. h4 (22. Qf2 $11) 22... Rac8 (22... Bxd4 23. cxd4 Qd6 24. dxe5 Nxe5 25. Bf4 $16) 23. Bg5 Be7 24. Nf5 {[%emt 0:00:37] [#] Bxe7 is the strong threat.} Bxg5 25. Qxg5 f6 26. Qg4 Rd2 (26... Nf4 $17 27. Bf1 g6) 27. h5 (27. Rd1 $11 Rcd8 (27... Rxe2 28. Rd7 $16) (27... Qxc3 $2 28. h5 $18) (27... Rxa2 $2 28. Bb5 $18) 28. Rxd2 Rxd2 29. Rd1 Rxd1+ (29... Rxe2 $2 30. h5 $18) (29... Rxa2 $2 30. Bc4+ Kh8 31. Bxa2 $18) (29... Qxc3 30. h5 $11) 30. Bxd1) 27... Nf4 $17 (27... Rxe2 $6 28. hxg6 hxg6 29. Qxg6 $11) 28. Bf1 Rcd8 (28... Rxa2 $2 29. Bc4+ Kh8 30. Bxa2 $18) 29. h6 {[%emt 0:00:04][%cal Of1c4] [#] Strongly threatening Bc4+!} g6 (29... Rxa2 $2 30. Bc4+ (30. Nxg7 Kf7 $18) (30. Qxg7+ Qxg7 31. hxg7 Bc8 $18) (30. hxg7 Ng6 $18) 30... Bd5 31. hxg7 $18 (31. Bxd5+ Rxd5 32. hxg7 Ng6 $18) (31. exd5 Rxg2 32. Bb3 Rxg4 $18) (31. Bxa2 Bxa2 32. Ra1 Bc4 $18)) 30. Ng7 (30. Ne3 $17) 30... Bc8 $19 (30... Rxa2 $2 31. Ne6 $18) 31. Qh4 Qe7 $36 {[%emt 0:01:09][%cal Og8f7][%mdl 2048] White is under strong pressure.} (31... Rxa2 32. Qxf6 Rf8 33. Qg5 $14) 32. c4 Ne6 (32... Rxa2 33. c5 Ba6 (33... bxc5 $2 34. Bc4+ Kh8 35. Bxa2 $18) 34. Bxa6 Rxa6 35. cxb6 (35. c6 Ra2 $11) 35... Rxb6 36. Rxb6 axb6 37. Rb1 $11) (32... Nd3 $19 33. Bxd3 R2xd3 (33... R8xd3 34. c5 $17)) 33. Nxe6 $17 Bxe6 34. a4 Ra2 {[%emt 0:00:34][%cal Og6g5] Black is much more active.} 35. c5 bxc5 {[%emt 0:00:15][%cal Og6g5] aiming for ...g5!} 36. Rxc5 $2 g5 $1 {[%emt 0:00:32] Weighted Error Value: White=0.39/Black=0.13 (very precise) .  Loses game:     	White=1     	---        Mistake:       	White=3     	Black=2      Inaccurate:     	White=2     	Black=1      OK:         	White=10    	Black=11     Best:        	White=1     	Black=1      Strong:       	---       	Black=1} (36... Qxc5 $2 {is the wrong capture.} 37. Qxf6 Qc7 38. Qxe6+ Qf7 39. Bc4 (39. Qxe5 Rc2 $16) (39. Qxf7+ Kxf7 40. Bc4+ Kf6 $18) 39... Qxe6 40. Bxe6+ Kf8 41. Bxa2 $18) 0-1

[Event "Grand Prix Romania 1st Stage 2024"]
[Site "Bucuresti"]
[Date "2024.03.23"]
[Round "4.7"]
[White "Baltag, Iulian"]
[Black "Mamedov, Rauf"]
[Result "1/2-1/2"]
[ECO "B30"]
[WhiteElo "2412"]
[BlackElo "2651"]
[Annotator "TA"]
[PlyCount "116"]
[EventDate "2024.03.20"]
[EventType "swiss"]
[EventCountry "ROU"]
[SourceTitle "playchess.com"]
[Source "ChessBase"]
[SourceQuality "1"]
[TimeControl "900+5"]

1. e4 c5 2. Nf3 Nc6 3. Bb5 Nf6 4. Bxc6 dxc6 5. d3 Bg4 6. Nbd2 {[%emt 0:00:05] B30: Sizilianisch (Rossolimo-Variante).} Nd7 7. h3 Bh5 8. a4 e5 9. g4 Bg6 10. Nc4 f6 11. Nh4 $146 ({Predecessor:} 11. a5 Be7 12. h4 Nf8 13. Bd2 Ne6 14. h5 Bf7 15. g5 Nxg5 16. Bxg5 Bxc4 17. dxc4 fxg5 18. Qxd8+ Kxd8 {½-½ Dolgun,C (2319)-Kotronias,V (2482) Ayvalik Yagmur Gp-A 2022 (6)}) 11... Bf7 12. Qf3 Qc7 13. g5 O-O-O 14. b3 Kb8 15. Bd2 Be6 16. gxf6 gxf6 17. Rg1 Be7 18. Nf5 Rdg8 19. Ke2 Bd8 20. Qh5 Nf8 21. Rg4 Bf7 22. Qh6 Bg6 $1 23. Rag1 Ne6 24. h4 Rf8 25. Be3 Nd4+ (25... Qd7 $14) 26. Bxd4 $16 exd4 27. Rf4 (27. Ncd6 $16) 27... Rfg8 $1 $11 28. Rg3 Qd7 29. Rfg4 (29. h5 $5 Bc7 30. hxg6 hxg6 31. Rxg6 $16) 29... Bc7 $1 30. Rg1 Qf7 31. Kf1 Rd8 (31... b5 $11 {scheint genauer.} 32. axb5 (32. Ncd6 Qe6 $11) 32... cxb5 (32... Bxf5 $2 33. exf5 cxb5 34. Nd2 $18)) 32. Nd2 (32. Ncd6 $1 $14 Qe6 (32... Bxd6 33. Nxd6 Qc7 34. Nf5 $16) 33. h5) 32... Qd7 33. h5 (33. Ng7 $11 {hält das Gleichgewicht.}) 33... Bxf5 $17 34. exf5 Qxf5 35. Ne4 $2 (35. Ke2 $17 {ist eine bessere Verteidigung.}) 35... Rhf8 $2 (35... Qf3 $19 {Droht ...Qd1+ und aus.} 36. Qd2 (36. Rg7 $2 Bh2 $19) 36... f5) 36. Rg7 $11 Qh3+ 37. Ke2 Rfe8 (37... f5 $11 {bleibt in der Remisbreite.} 38. Nd2 c4 39. bxc4 Qh2) 38. Qxh7 $16 Rh8 39. Qg6 Qxh5+ 40. Qxh5 Rxh5 41. Nxf6 Re5+ (41... Rf5 $16 42. Ne4 Rh5) 42. Ne4 $1 $18 b5 {[%emt 0:00:12] [#]} (42... c4 {ist wohl besser.} 43. bxc4 Rde8) 43. Rf7 $1 $18 c4 44. bxc4 bxc4 45. Rgg7 Bb6 46. a5 $2 ({Weiss kommt nicht vorbei an} 46. f4 $18 Red5 47. dxc4) 46... cxd3+ $11 47. cxd3 Rxa5 48. f4 Ra2+ 49. Kf3 Ra3 50. Ke2 c5 51. Rb7+ Ka8 52. Rbd7 $2 {[%emt 0:00:06] [#]} (52. Nd2 $11 {und Weiss steht sicher.}) 52... Re8 $2 ({Vergiftet wäre} 52... c4 $2 53. Rxd8+ Bxd8 54. Rg8 $18) (52... Rxd7 $1 $19 53. Rxd7 c4) 53. Rge7 $11 Rh8 54. Rh7 Rxh7 55. Rxh7 c4 56. Rh8+ (56. dxc4 $2 {verliert.} Re3+ 57. Kd1 Rxe4 $19) 56... Kb7 57. Nd6+ (57. dxc4 $2 {zu gefräßig.} Re3+ 58. Kd2 Rxe4 $19) 57... Kc6 58. Nxc4 Ra1 (58... Ra2+ $1 $11 {ist überlegen.} 59. Kf3 Ra1) 1/2-1/2

[Event "Grand Prix Romania 1st Stage 2024"]
[Site "Bucuresti"]
[Date "2024.03.23"]
[Round "4.8"]
[White "Korobov, Anton"]
[Black "Manolache, Marius"]
[Result "0-1"]
[ECO "E76"]
[WhiteElo "2662"]
[BlackElo "2387"]
[Annotator "TA"]
[PlyCount "80"]
[EventDate "2024.03.20"]
[EventType "swiss"]
[EventCountry "ROU"]
[SourceTitle "playchess.com"]
[Source "ChessBase"]
[SourceQuality "1"]
[TimeControl "900+5"]

1. c4 Nf6 2. Nc3 d6 3. d4 c6 4. e4 g6 5. f4 Bg7 6. Nf3 O-O 7. Be2 Bg4 8. e5 dxe5 9. fxe5 Ne8 10. Be3 {[%emt 0:00:12] Weiß steht etwas besser.} Bxf3 (10... c5 $11) 11. Bxf3 $16 Nd7 12. Qe2 Nc7 13. O-O-O {[%emt 0:00:13] Zielt auf h4 ab.} Rc8 $2 (13... Qc8 $16 14. h4 c5) 14. h4 $18 b5 15. c5 {[%emt 0:00:25] Lässt Nb6 nicht zu} (15. Bxc6 Nb6 16. c5 (16. Nxb5 Ncd5 $18) (16. Bxb5 Nxb5 17. cxb5 Na4 $14) (16. cxb5 a6 $18) 16... Ncd5 $18) 15... b4 16. Ne4 Nd5 17. h5 Qa5 18. Kb1 Rb8 19. hxg6 hxg6 20. Bc1 Nc3+ 21. Nxc3 (21. bxc3 Nxe5 22. c4 (22. dxe5 bxc3+ 23. Kc2 Bxe5 $18) 22... b3 $11) 21... bxc3 22. b3 (22. Bxc6 $6 Nxe5 23. dxe5 Rfc8 $18) 22... Nxe5 23. dxe5 Qxc5 24. Rh4 {[%emt 0:02:04] Droht e6 und aus.} Bxe5 25. Qc4 Qf2 {[%emt 0:00:46][%cal Ob8b4] Droht stark ...Rb4!} 26. Re4 (26. Bxc6 $2 Rb4 (26... c2+ $2 27. Qxc2 Qxh4 28. Bd5 $19) 27. Bf3 (27. Rh8+ $2 Bxh8 28. Qd3 Rc8 $19) 27... Ra4 $19 (27... Qxh4 $2 28. Qxh4 Rxh4 29. Be3 $19) (27... Rxc4 $2 28. Rxc4 Kg7 29. Rh1 $19)) 26... Bf6 27. Re2 (27. Qxc6 $2 Rfc8 28. Rc4 (28. Re2 $2 Qxe2 29. Bxe2 Rxc6 $19) 28... Rxc6 $19) 27... Qb6 28. g4 (28. Qxc6 Qxc6 29. Bxc6 e6 $18) (28. Bxc6 Rbc8 29. Be3 c2+ (29... Qxc6 30. Qxc6 Rxc6 31. Bxa7 $17) 30. Kxc2 (30. Qxc2 Qa6 $17) 30... Qxc6 31. Qxc6 Rxc6+ 32. Kb1 Ra8 $17) 28... Rfd8 29. Rxd8+ Qxd8 30. g5 (30. Bxc6 Qd1 31. Be4 Kg7) 30... Bg7 31. Kc2 ({Jedoch nicht} 31. Qxc6 Rc8 32. Qa6 Qd7) (31. Bxc6 Rc8 $18) 31... Qa5 (31... e6 $142 32. Be4 (32. Qxc6 Rc8 $18) 32... Qe7 33. Qxc6 Rf8) 32. a3 (32. Qxc6 $2 {verliert.} Qxa2+ 33. Kd1 Qxb3+ 34. Ke1 Qb1 $19) 32... e6 33. Qxc6 Rd8 34. Be4 {[%emt 0:00:15] Verhindert Qf5.} (34. Bg4 $142) 34... Qe5 {[%emt 0:00:15] Und ...Qd4 würde nun gewinnen.} 35. Rg2 $4 (35. Rf2 $18 {und Weiss kann entspannen.}) 35... Qd4 $19 36. Qc4 $2 (36. Qb7 Qd1+ 37. Kb1) 36... Qd1+ 37. Kb1 {[%emt 0:00:01] [#] Schwarz muss nun Bc2 beachten.} Rd2 $1 {[%emt 0:01:04] ( -> ...Kh7)} 38. Qc8+ {[%emt 0:03:37] [#]} Kh7 $1 {[%emt 0:00:15] Schwarz setzt Matt.} 39. Qc4 Rb2+ 40. Rxb2 cxb2 {[%emt 0:00:02] Kein schönes Erlebnis für Weiß.   Gewichteter Fehlerwert: Weiß=0.59/Schwarz=0.34.  Verlustzug:     	---       	Schwarz=1     Gewinn verpasst:   	Weiß=2     	---        Fehler:       	Weiß=2     	Schwarz=2     Ungenau:       	Weiß=2     	Schwarz=2     OK:         	Weiß=14    	Schwarz=9     Bester:       	Weiß=1     	Schwarz=2} 0-1

[Event "Grand Prix Romania 1st Stage 2024"]
[Site "Bucuresti"]
[Date "2024.03.23"]
[Round "4.9"]
[White "Kuzubov, Yuriy"]
[Black "Secheres, Adrian-Simion"]
[Result "0-1"]
[ECO "B07"]
[WhiteElo "2605"]
[BlackElo "2371"]
[Annotator "TA"]
[PlyCount "86"]
[EventDate "2024.03.20"]
[EventType "swiss"]
[EventCountry "ROU"]
[SourceTitle "playchess.com"]
[Source "ChessBase"]
[SourceQuality "1"]
[TimeControl "900+5"]

1. d4 Nf6 2. Nf3 g6 3. Nbd2 Bg7 4. e4 O-O 5. Be2 d6 6. O-O Nbd7 7. c3 e5 8. Re1 b6 9. Qc2 a5 10. Nf1 Bb7 11. Ng3 Re8 12. Bf1 d5 13. exd5 Nxd5 14. Bg5 Qc8 15. Bb5 h6 16. Bd2 exd4 17. Nxd4 Rxe1+ 18. Rxe1 c6 $1 19. Bd3 Nf8 (19... c5 $11 20. Nb5 Qc6) 20. h4 c5 21. Nf3 {[%emt 0:01:10] Black must now prevent h5.} Qc6 (21... h5 $14) 22. Qc1 (22. h5 $16) 22... h5 $1 $14 23. Be4 (23. Bh6 $14 Nh7 24. Be4) 23... Qc7 $11 {[%emt 0:00:14] The position is equal.} 24. Bh6 Nf6 $1 25. Bxg7 Kxg7 26. Bxb7 Qxb7 27. Ng5 Re8 28. Rd1 Qc7 29. Qd2 b5 30. Nf1 Qe5 31. Ne3 Re7 32. Qd6 a4 33. Qxe5 Rxe5 34. Rd6 Ne6 35. Nxe6+ (35. Nf3 $5 Re4 $8 36. Rb6 $14) 35... Rxe6 36. Rxe6 fxe6 {[%emt 0:00:01][%mdl 4096] Endgame. KN-KN} 37. c4 b4 38. Kf1 Ne4 39. f3 Nd6 40. Ke2 Kf6 {[%emt 0:00:02] [#] ...Ke5 would now be deadly.} 41. Kd3 Ke5 {[%emt 0:00:01] ...Kf4 is the strong threat.} 42. g3 Nf5 43. Nxf5 exf5 {[%emt 0:00:20][%mdl 32768] Weighted Error Value: White=0.09 (flawless) /Black=0.10 (very precise) .  Mistake:       	White=2     	Black=2      Inaccurate:     	White=2     	---        OK:         	White=15    	Black=12     Strong:       	---       	Black=3     . Loss on time!?} 0-1